Description

虚空撕裂A(B)型,A型(24+3n)每次两个红点,B型(26+3n)

Build Order

Get SALT Encoding   

  1  3:00  Action  
  1  4:00  Action (左)  
  2  6:00  Action  
  2  8:00  Action (右)  
  3  9:00  Action  
  3  10:00  Action (左)  
  4  12:00  Action  
  4  14:00  Action (左)  
  5  15:00  Action  
  5  16:00  Action (右)  
  6  18:00  Action  
  6  20:00  Action (左)  
  7  21:00  Action  
  7  22:00  Action (右)  
  8  24:00  Action  
  8  26:00  Action (左)  
Spawning Tool Build Advisor. Get it on Overwolf

Go to:

Details

  • Created by: DCpro
  • Published on: Jan 26, 2022
  • Modified on: Jan 26, 2022
  • Patch: 4.11.0
  • Difficulty: Easy
Show
View Real Time Build Order
Export as new Build Order

Comments (1)

On Sept. 15, 2022, 10:12 p.m., ellunino  said:

Create an account to comment!